 Dungeon Crawl Stone Soup version 0.19.5 (webtiles) character file.

30 tanisms the Magician (level 3, -5/21 HPs)
             Began as an Octopode Wizard on Apr 15, 2017.
             Was an Initiate of Vehumet.
             Slain by a worm (7 damage)
             ... on level 2 of the Dungeon.
             The game lasted 00:11:01 (1873 turns).

tanisms the Magician (Octopode Wizard)              Turns: 1873, Time: 00:11:02

Health: -5/21      AC:  1    Str:  6    XL:     3   Next: 20%
Magic:  8/8        EV: 13    Int: 21    God:    Vehumet [......]
Gold:   121        SH:  0    Dex: 10    Spells: 3 memorised, 4 levels left

rFire  . . .     SeeInvis .     h - +0 hand axe
rCold  . . .     Gourm    .     (no shield)
rNeg   . . .     Faith    .     a - +0 hat
rPois  .         Spirit   .     (no amulet)
rElec  .         Reflect  .     (no ring)
rCorr  .         Harm     .     (no ring)
MR     .....                    (no ring)
Stlth  +++.......               (no ring)
                                (no ring)
                                (no ring)
                                (no ring)
                                (no ring)

@: no status effects
A: almost no armour, stealthy swim, amphibious, 8 rings, constrict 8, camouflage
1, gelatinous body 1
a: Renounce Religion


You were on level 2 of the Dungeon.
You worshipped Vehumet.
Vehumet was noncommittal.
You were not hungry.

You visited 1 branch of the dungeon, and saw 2 of its levels.

You collected 121 gold pieces.

Inventory:

Hand Weapons
 h - a +0 hand axe (weapon)
Missiles
 e - 28 arrows
 f - 47 stones (quivered)
 i - 16 poisoned needles
Armour
 a - a +0 hat (worn)
Scrolls
 c - a scroll of immolation {unknown}
 d - a scroll of random uselessness {unknown}
 j - 3 scrolls of identify {unknown}
 k - a scroll of remove curse {unknown}
 l - a scroll of blinking {unknown}
Potions
 m - a potion of curing {unknown}
 n - a potion of lignification {unknown}
Books
 b - a book of Minor Magic

   Spells                             Type                      Level
   a - Magic Dart                     Conjuration                  1
   b - Blink                          Translocation                2
   c - Call Imp                       Summoning                    2
   d - Repel Missiles                 Charms/Air                   2
   e - Slow                           Hexes                        2
   f - Conjure Flame                  Conjuration/Fire             3
   g - Mephitic Cloud                 Conjuration/Poison/Air       3
Comestibles
 g - 2 meat rations


   Skills:
 + Level 2.2 Dodging
 + Level 3.0 Stealth
 + Level 0.4 Unarmed Combat
 + Level 3.7 Spellcasting
 + Level 1.0 Conjurations
 + Level 1.0 Summonings
 + Level 1.0 Translocations


You had 4 spell levels left.
You knew the following spells:

 Your Spells              Type           Power        Failure   Level  Hunger
a - Magic Dart            Conj           #...         12%         1    None
b - Call Imp              Summ           #.......     14%         2    ##.....
c - Blink                 Tloc           N/A          14%         2    ##.....


Dungeon Overview and Level Annotations

Branches:
Dungeon (2/15)

Altars:
Vehumet


Innate Abilities, Weirdness & Mutations

You cannot wear most types of armour.
You are very stealthy in the water. (Stealth+)
You are amphibious.
You can wear up to eight rings at the same time.
You can use your tentacles to constrict eight enemies at once.
Your skin changes colour to match your surroundings (Stealth+).
Your rubbery body absorbs attacks. (AC +1, EV +1)


Message History

You barely miss the rat. You grab the rat. You constrict the rat.
The rat closely misses you.
You hit the rat.
You kill the rat!
Vehumet accepts your kill.
You hit the worm. The worm bites you!
You hit the worm but do no damage. You grab the worm.
The worm is lightly wounded.
You constrict the worm. The worm bites you!
* * * LOW HITPOINT WARNING * * *
You hit the worm.
The worm is moderately wounded.
You constrict the worm, but do no damage.
You hit the worm. You squeeze the worm.
The worm is heavily wounded.
You constrict the worm. The worm barely misses you.
You hit the worm.
The worm is severely wounded.
You constrict the worm. The worm bites you!
You die...

### #.. #.# ##.# #
##..#####.. #########
####.@........ ........#
#.....w..>..⌠. ........#
##.##.......... ........#
#..###..#####..
......).###.#####.#####.#
................#'#...#'#
........###.............#
........###...........###
........+.............#


You could see a worm.

Vanquished Creatures
  2 dart slugs (D:1)
  2 leopard geckos (D:1)
  A bat (D:1)
  A giant cockroach (D:1)
  5 goblins
  3 hobgoblins (D:1)
  2 frilled lizards (D:1)
  4 kobolds
  3 rats
23 creatures vanquished.

Notes
Turn   | Place    | Note
-------+----------+-------------------------------------------
     0 | D:1      | tanisms the Octopode Wizard began the quest for the Orb.
     0 | D:1      | Reached XP level 1. HP: 11/11 MP: 4/4
   587 | D:1      | Reached XP level 2. HP: 17/17 MP: 6/6
   591 | D:1      | Learned a level 2 spell: Call Imp
   611 | D:1      | Learned a level 2 spell: Blink
  1377 | D:2      | Found a radiant altar of Vehumet.
  1480 | D:1      | Reached XP level 3. HP: 13/21 MP: 8/8
  1841 | D:2      | Became a worshipper of Vehumet
  1873 | D:2      | Slain by a worm

Skill      XL: |  1  2  3 |
---------------+----------+-----
Stealth        | 3 |  3.0
Dodging        | |  2.2
Unarmed Combat | |  0.4
Spellcasting   | |  3.7
Conjurations   | |  1.0
Summonings     | |  1.0
Translocations | |  1.0

Action                   || total
-------------------------++-------
Melee: Unarmed           ||    17
       Constrict         ||    17
       Tentacles         ||    10
       Hand axe          ||    47
 Stab: Sleeping          ||     3
  Eat: Bread ration      ||     1
Armor: Skin              ||     3
Dodge: Dodged            ||    33
